 Dungeon Crawl Stone Soup version 0.18-a0-1570-gf60b0ab (webtiles) character file.

67 mopl the Poker (level 3, 0/27 HPs)
             Began as a Demonspawn Gladiator on Mar 14, 2016.
             Slain by an adder (2 damage)
             ... on level 3 of the Dungeon.
             The game lasted 00:02:35 (705 turns).

mopl the Poker (Demonspawn Gladiator)                Turns: 705, Time: 00:02:36

Health: 0/27       AC:  5    Str: 15    XL:     3   Next: 98%
Magic:  3/3        EV: 15    Int:  9    God:
Gold:   72         SH:  0    Dex: 14    Spells: 0 memorised, 2 levels left

rFire  . . .     SeeInvis .     a - +0 trident
rCold  . . .     Gourm    .     l - +2 robe {MR+}
rNeg   . . .     Faith    .     (no shield)
rPois  .         Spirit   .     c - +0 helmet
rElec  .         Dismiss  .     (no cloak)
rCorr  .         Reflect  .     (no gloves)
SustAt .         Harm     .     (no boots)
MR     +....                    (no amulet)
Stlth  +.........               (no ring)
                                (no ring)

@: lethally poisoned (0 -> -3), glowing, somewhat resistant to hostile
enchantments, very unstealthy
A: talons 1, repulsion field 1
a: no special abilities


You were on level 3 of the Dungeon.
You were not hungry.

You visited 1 branch of the dungeon, and saw 3 of its levels.

You collected 72 gold pieces.

Inventory:

Hand Weapons
 a - a +0 trident (weapon)
Missiles
 d - 3 throwing nets (quivered)
 e - 29 stones
 o - 14 poisoned needles
Armour
 b - a +0 leather armour
 c - a +0 helmet (worn)
 l - a +2 robe of magic resistance (worn)
Scrolls
 h - 2 scrolls of remove curse {unknown}
 j - a scroll of enchant weapon {unknown}
 n - 2 scrolls of teleportation {unknown}
Potions
 g - a potion of heal wounds {unknown}
 i - a potion of haste {unknown}
 k - a potion of cancellation {unknown}
Comestibles
 f - 2 bread rations
 m - 3 chunks of flesh


   Skills:
 - Level 2.0 Fighting
 * Level 4.4 Polearms
 - Level 1.7 Throwing
 - Level 2.6 Dodging


You had 2 spell levels left.
You didn't know any spells.

Dungeon Overview and Level Annotations

Branches:
Dungeon (3/15)

Altars:
Pakellas

Portals:
Sewer: D:3

Annotations:
D:3 Duffy's ghost, amateur NaEn


Innate Abilities, Weirdness & Mutations

You have sharp toenails.
You are surrounded by a mild repulsion field (EV +2).


Message History

The adder bites you.
* * * LOW HITPOINT WARNING * * *
You are lethally poisoned!
The adder poisons you!
You enter the shallow water.
Moving in this stuff is going to be slow.
* * * LOW HITPOINT WARNING * * *
You feel sick. The adder misses you. The adder closely misses you.
Duffy's ghost misses you. The adder closely misses you.
Found a glowing drain.
* * * LOW HITPOINT WARNING * * *
You feel sick. The adder barely misses you. x2
You hear the brisk rusting of a drain.
* * * LOW HITPOINT WARNING * * *
You feel sick.
For a moment, you lose track of Duffy's ghost.
The adder completely misses you. The adder bites you.
You die...

#
######..########
#
#..............#
#
....<......####.
# ###
.#.#####...# #
.. ... #.#≈# #
%# .... ...#W#
##.##....
#.####≈#
........... #S#
......# . #@#
...#..# #≈#
#..#..### #≈#
#.# #........
#∩# #.#
#.#####.# #≈#
#.# .[# ### #>#
### .W# #.# #..
#.# ###.# #.#
#.#
..#####.....# ##
#.# #.#


You could see Duffy's ghost and an adder.

Vanquished Creatures
  Jessica (D:3)
  An adder (D:3)
  2 worms (D:2)
  An orc (D:3)
  4 bats
  A giant cockroach (D:3)
  2 goblins
  4 hobgoblins
  2 kobolds
  A quokka (D:3)
  2 ball pythons (D:3)
  3 giant newts
  3 rats
27 creatures vanquished.

Notes
Turn   | Place    | Note
--------------------------------------------------------------
     0 | D:1      | mopl the Demonspawn Gladiator began the quest for the Orb.
     0 | D:1      | Reached XP level 1. HP: 16/16 MP: 1/1
   189 | D:1      | Reached skill level 3 in Polearms
   228 | D:1      | Gained mutation: You are surrounded by a mild repulsion field (EV +2). [demonic ancestry]
   228 | D:1      | Reached XP level 2. HP: 22/22 MP: 2/2
   289 | D:1      | You fall through a shaft!
   302 | D:2      | Noticed Jessica
   319 | D:3      | Killed Jessica
   319 | D:3      | Reached skill level 4 in Polearms
   319 | D:3      | Gained mutation: You have sharp toenails. [demonic ancestry]
   319 | D:3      | Reached XP level 3. HP: 6/27 MP: 3/3
   356 | D:3      | Noticed Duffy's ghost (amateur NaEn)
   406 | D:3      | Found an oddly glowing altar of Pakellas.
   406 | D:3      | Noticed a hungry ghost
   701 | D:3      | Found a glowing drain.
   705 | D:3      | Slain by an adder

Vault maps used:
D:1:      minmay_arrival_five_plusses, hex_large
D:2:      lemuel_round_altar, serial_glass, glass_columns_c, glass_columns_a,
          st_stairs_3, uniq_natasha, uniq_jessica
D:3:      good_gods_mini_temple, portal_sewer_entry_d,
          gammafunk_pakellas_cloud_experiment

Skill      XL: |  1  2 |
---------------+-------+-----
Polearms       | 3 4 |  4.4
Fighting       | |  2.0
Throwing       | |  1.7
Dodging        | |  2.6

Action                   || total
-------------------------++-------
Melee: Trident           ||   125
 Stab: Sleeping          ||     1
